AoeStats
← ITA | MarknighT

Black Forest

506625127Analyzed
1v1 RM · 19d ago on Sep 14, 2026· 25m 10s· 2 players
Game mode
Random Map
Map size
Tiny (2 player)
Population
200
Speed
Normal
Resources
Standard
Victory
Conquest
Starting age
Dark Age
Ending age
Imperial Age
RankedLock teamsTeams togetherTeam positionsShared explorationLock speedFull tech treeHidden civsTurbo modeCheats
Victory
Defeat
🇩🇪 Aztecs · Germany
1937
+15
🇮🇹 Turks · Italy
1924
-15
ITA | MarknighT
0:31 Loom
11:14 Feudal Age
15:17 Castle Age
13:40 Double-Bit Axe
14:55 Horse Collar
16:08 Bow Saw
21:08 Wheelbarrow
21:52 Heavy Plow
23:33 Padded Archer Armor
24:29 Forging
Betrayer
11:58 Feudal Age
16:10 Castle Age
14:25 Gold Mining
14:36 Loom
20:45 Imperial Age
23:01 Sanctity
23:29 Illumination
23:37 Block Printing
24:04 Fervor
24:47 Theocracy
24:22 Herbal Medicine
25:09 Redemption
Connection lost

Rejoining the realm…

Still unreachable

The connection could not be restored.

Session expired

The server has moved on; the page needs a fresh start.